 Dungeon Sprint DCSS version 0.23.2-11-gf996548c65 (webtiles) character file.

Game seed: 11263194128299531696

530 Kobolds4U the Cleaver (level 7, -8/74 HPs)
             Began as a Minotaur Fighter on June 3, 2019.
             Mangled by a sixfirhy (11 damage)
             ... summoned by a kobold demonologist
             ... in the Dungeon (Sprint I: "Red Sonja").
             The game lasted 00:01:04 (68 turns).

Kobolds4U the Cleaver (Minotaur Fighter)              Turns: 68, Time: 00:01:04

Health: -8/74      AC:  6    Str: 26    XL:     7   Next: 3%
Magic:  6/6        EV:  7    Int:  5    God:
Gold:   108        SH: 10    Dex: 11    Spells: 6/6 levels left

rFire    . . .     SeeInvis .   a - +0 war axe
rCold    . . .     Gourm    .   c - +0 shield
rNeg     . . .     Faith    .   b - +0 scale mail
rPois    .         Spirit   .   (helmet restricted)
rElec    .         Reflect  .   (no cloak)
rCorr    .         Harm     .   (no gloves)
MR       .....     NoTele   +   (no boots)
Stlth    ..........             (no amulet)
HPRegen  0.22/turn              (no ring)
MPRegen  0.10/turn              (no ring)

@: mighty
A: retaliatory headbutt, horns 2
a: no special abilities


You were in the Dungeon.
You were not hungry.

You visited 1 branch You collected 108 gold pieces.

Inventory:

Hand Weapons
 a - a +0 war axe (weapon)
Armour
 b - a +0 scale mail (worn)
 c - a +0 shield (worn)
Scrolls
 k - a scroll of blinking
Potions
 e - a potion of curing
 g - a potion of heal wounds
 h - a potion of haste
 i - 3 potions of magic
 j - a potion of berserk rage
Comestibles
 f - a ration


   Skills:
 + Level 11.0 Fighting
 * Level 14.1 Axes
 - Level 3.6 Armour
 - Level 3.6 Shields


You had 6 spell levels left.
You didn't know any spells.
Your spell library was empty.

Dungeon Overview and Level Annotations

Branches:
Dungeon (1/1)

Altars:
Makhleb
Xom
Jiyva
Lugonu


Innate Abilities, Weirdness & Mutations

You reflexively headbutt those who attack you in melee.
You have a pair of horns on your head.


Message History

The kobold demonologist gestures wildly while chanting.
You closely miss the sixfirhy. You slice the quasit!!
You kill the quasit!
The sixfirhy hits you but does no damage.
You slash the sixfirhy!
The sixfirhy is moderately wounded.
You closely miss the sixfirhy. Your headbutt misses the sixfirhy.
The sixfirhy is lightly wounded.
You hit the kobold demonologist.
You block the kobold demonologist's attack.
The kobold demonologist begins to cast a cantrip, but forgets the words!
You completely miss the kobold demonologist.
The kobold demonologist is lightly wounded.
You miss the sixfirhy. The sixfirhy hits you! The sixfirhy shocks you!
The sixfirhy hits you. The sixfirhy shocks you!
* * * LOW HITPOINT WARNING * * *
The sixfirhy hits you!
* * * LOW HITPOINT WARNING * * *
The sixfirhy shocks you!
You die...

#####################
.)..#..'.$#__#$.@K44#
.#..').#$.'^.'.$#355#
###+#####+#__####K5.+
#### ####


You could see an ice devil, 2 kobold demonologists, a sixfirhy, a red devil, an
iron imp, a crimson imp and a shadow imp.

Vanquished Creatures
  A slime creature (D)
  Sigmund (D)
  A floating eye (D)
  An ogre (D)
  Ijyb (D)
5 creatures vanquished.

Notes
Turn   | Place    | Note
-------+----------+-------------------------------------------
     0 | D        | Kobolds4U the Minotaur Fighter began the quest for the Orb.
     0 | D        | Reached XP level 1. HP: 19/19 MP: 0/0
     1 | D        | Noticed Ijyb
    16 | D        | Killed Ijyb
    16 | D        | Reached skill level 5 in Fighting
    16 | D        | Reached skill level 6 in Axes
    16 | D        | Reached XP level 2. HP: 29/29 MP: 1/1
    19 | D        | Noticed an ogre
    22 | D        | Killed an ogre
    22 | D        | Reached skill level 9 in Axes
    22 | D        | Reached XP level 3. HP: 39/39 MP: 2/2
    22 | D        | Reached XP level 4. HP: 47/47 MP: 3/3
    26 | D        | Noticed Sigmund
    35 | D        | Killed Sigmund
    35 | D        | Reached skill level 11 in Axes
    35 | D        | Reached XP level 5. HP: 54/57 MP: 4/4
    45 | D        | Found a burning altar of Makhleb.
    45 | D        | Found a viscous altar of Jiyva.
    45 | D        | Found a shimmering altar of Xom.
    45 | D        | Found a corrupted altar of Lugonu.
    45 | D        | Noticed a slime creature
    48 | D        | Killed a slime creature
    48 | D        | Reached skill level 10 in Fighting
    48 | D        | Reached skill level 13 in Axes
    48 | D        | Reached XP level 6. HP: 64/67 MP: 5/5
    57 | D        | Noticed a kobold demonologist
    57 | D        | Noticed a floating eye
    58 | D        | Noticed a kobold demonologist
    58 | D        | Paralysed by a floating eye for 4 turns
    60 | D        | Noticed a red devil
    60 | D        | Noticed a sixfirhy
    63 | D        | Killed a floating eye
    63 | D        | Reached skill level 14 in Axes
    63 | D        | Reached XP level 7. HP: 74/74 MP: 6/6
    64 | D        | Noticed an ice devil
    68 | D        | HP: 3/74 [sixfirhy[a kobold demonologist] (10)]
    68 | D        | Mangled by a sixfirhy

Skill      XL: |  1  2  3  4  5  6 |
---------------+-------------------+-----
Fighting       | 5 7 9 10 11 | 11.0
Axes           | 6 9 11 13 14 | 14.1
Armour         | |  3.6
Shields        | |  3.6

Action                   |  1- 3 |  4- 6 |  7- 9 || total
-------------------------+-------+-------+-------++-------
Melee: War axe           |    16 |    12 |     5 ||    33
       Headbutt          |     2 |     4 |       ||     6
  Use: Potion            |     1 |       |       ||     1
Armor: Scale mail        |     8 |    14 |     1 ||    23
Dodge: Dodged            |     2 |     5 |     4 ||    11
Block: Shield            |    11 |     5 |     4 ||    20
